 Dungeon Crawl Stone Soup version 0.18.1-48-g4cf74bf (webtiles) character file.

738 Aksel the Carver (level 7, -5/45 HPs)
             Began as a High Elf Skald on July 10, 2016.
             Was a Believer of Okawaru.
             Killed from afar by Typee's ghost (25 damage)
             ... with a spray of energy
             ... on level 5 of the Dungeon.
             The game lasted 00:27:19 (3750 turns).

Aksel the Carver (High Elf Skald)                   Turns: 3750, Time: 00:27:20

Health: -5/45      AC: 12    Str: 11    XL:     7   Next: 46%
Magic:  4/11       EV: 17    Int: 18    God:    Okawaru [**....]
Gold:   239        SH:  0    Dex: 15    Spells: 4 memorised, 1 level left

rFire  + . .     SeeInvis .     m - +0 long sword
rCold  x . .     Gourm    .     h - +3 ring mail
rNeg   . . .     Faith    .     (no shield)
rPois  +         Spirit   .     x - +0 helmet
rElec  .         Dismiss  +     u - +2 cloak {rPois}
rCorr  .         Reflect  .     (no gloves)
SustAt .         Harm     .     (no boots)
MR     .....                    e - amulet of dismissal
Stlth  +.........               o - +6 ring of evasion
                                r - ring of fire

@: very slightly contaminated, not resistant to hostile enchantments, very
unstealthy
A: no striking features
a: Heroism, Renounce Religion


You were on level 5 of the Dungeon.
You worshipped Okawaru.
Okawaru was pleased with you.
You were hungry.

You visited 1 branch of the dungeon, and saw 5 of its levels.

You collected 239 gold pieces.

Inventory:

Hand Weapons
 a - a +0 falchion
 m - a +0 long sword (weapon)
 C - the +5 hunting sling "Tajelez" {freeze, *Confuse rC+ Int+3 Dex+4, unknown}
   (You found it on level 4 of the Dungeon)

   It causes projectiles fired from it to freeze those they strike, causing
   extra injury to most foes and up to half again as much damage against
   particularly susceptible opponents.
   They can also slow down cold-blooded creatures.
   It affects your intelligence (+3).
   It affects your dexterity (+4).
   It protects you from cold.
   It may confuse you when you take damage.
 I - a +0 rapier
Missiles
 y - 19 sling bullets
Armour
 b - a +0 leather armour
 f - a +0 ring mail
 h - a +3 ring mail (worn)
 u - a +2 cloak of poison resistance (worn)
 x - a +0 helmet (worn)
 D - a +2 leather armour of cold resistance
Jewellery
 e - an amulet of dismissal (around neck)
 l - an uncursed ring of sustain attributes
 o - a +6 ring of evasion (right hand)
 r - a ring of fire (left hand)
 B - an uncursed ring of see invisible {unknown}
Wands
 t - a wand of iceblast (8/15)
Scrolls
 g - a scroll of immolation
 n - 2 scrolls of enchant weapon
 p - a scroll of enchant armour
 s - 2 scrolls of noise {unknown}
 v - 2 scrolls of teleportation {unknown}
 A - a scroll of random uselessness {unknown}
Potions
 i - 2 potions of heal wounds
 j - a potion of agility
 q - 2 potions of lignification {unknown}
 z - a potion of curing
 E - a potion of resistance {unknown}
 F - a potion of berserk rage {unknown}
Books
 c - a book of Battle

   Spells                             Type                      Level
   a - Infusion                       Charms                       1
   b - Shroud of Golubria             Charms/Translocation         2
   c - Song of Slaying                Charms                       2
   d - Spectral Weapon                Hexes/Charms                 3
   e - Regeneration                   Charms/Necromancy            3
 H - a book of Death

   Spells                             Type                      Level
   a - Corpse Rot                     Necromancy                   2
   b - Sublimation of Blood           Necromancy                   2
   c - Agony                          Necromancy                   5
   d - Dispel Undead                  Necromancy                   5
   e - Excruciating Wounds            Charms/Necromancy            5
   f - Bolt of Draining               Conjuration/Necromancy       5
Comestibles
 d - 3 bread rations
 k - 2 meat rations
 w - a royal jelly


   Skills:
 + Level 2.4 Fighting
 + Level 8.5 Long Blades
 - Level 1.1 Armour
 - Level 2.1 Dodging
 + Level 2.4 Spellcasting
 + Level 3.0 Hexes
 + Level 3.7 Charms
 + Level 1.6 Translocations


You had one spell level left.
You knew the following spells:

 Your Spells              Type           Power        Failure   Level  Hunger
a - Infusion              Chrm           ###.         12%         1    #......
b - Spectral Weapon       Hex/Chrm       ##......     38%         3    ###....
c - Shroud of Golubria    Chrm/Tloc      ##........   24%         2    ##.....
d - Regeneration          Chrm/Necr      #.........   71%         3    ###....


Dungeon Overview and Level Annotations

Branches:
Dungeon (5/15)
 Temple: D:4-7

Altars:
Nemelex Xobeh
Okawaru

Annotations:
D:5 Typee's ghost, novice OpCj


Message History

Drink which item? (? for menu, Esc to quit)
You feel much better. Typee's ghost misses you.
You bump into the rock wall.
Typee's ghost stares at you and mumbles some strange words.
The spray of energy hits you!
You're too confused to move!
Typee's ghost stares at you and mumbles some strange words.
The spray of energy misses you. Typee's ghost casts a spell at you.
The magic dart hits you!
You're too confused to move!
You're too confused to move!
Typee's ghost hits you but does no damage.
You bump into the rock wall.
You feel less confused. Typee's ghost barely misses you.
Typee's ghost casts a spell at you. The spray of energy hits you!
Ouch! That really hurt!
You die...

.. #.....###.....#. #.#
#...............
###.####
#.............##
#......# #..........##
#......# ##....†.#####
#......#####..#....##
#......W............#
#......#..........#.#
#......#.@..........#
#......#.......#.#.....
#.$....#..<.)....###....
########.......### #...
#.......# ... #.......#
.. #[......# #########


You could see Typee's ghost.

Vanquished Creatures
  A yak (D:4)
  2 necrophages
  A water moccasin skeleton (D:4)
  2 crimson imps (D:4)
  A giant frog skeleton (D:4)
  A jelly (D:5)
  A worker ant (D:4)
  Robin (D:3)
  4 adders
  4 gnolls
  4 oozes
  3 worms
  A dart slug (D:1)
  4 giant geckos
  14 orcs
  3 giant cockroaches
  7 hobgoblins
  9 jackals
  4 kobolds
  2 quokkas
  4 ball pythons
  9 bats
  A giant gecko skeleton (D:4)
  6 giant newts
  17 goblins
  8 rats
114 creatures vanquished.

Vanquished Creatures (others)
  2 spectral weapons (D:5)
2 creatures vanquished.

Grand Total: 116 creatures vanquished

Notes
Turn   | Place    | Note
--------------------------------------------------------------
     0 | D:1      | Aksel the High Elf Skald began the quest for the Orb.
     0 | D:1      | Reached XP level 1. HP: 14/14 MP: 4/4
    21 | D:1      | Reached skill level 3 in Long Blades
   326 | D:1      | Reached XP level 2. HP: 19/19 MP: 6/6
   632 | D:1      | Reached skill level 4 in Long Blades
  1049 | D:1      | Reached XP level 3. HP: 24/24 MP: 7/7
  1397 | D:2      | Learned a level 3 spell: Spectral Weapon
  1403 | D:2      | Learned a level 2 spell: Shroud of Golubria
  1596 | D:2      | Reached skill level 5 in Long Blades
  1610 | D:2      | Found an iron altar of Okawaru.
  1627 | D:2      | Became a worshipper of Warmaster Okawaru
  1727 | D:2      | Reached XP level 4. HP: 29/29 MP: 8/8
  2300 | D:3      | Reached skill level 6 in Long Blades
  2308 | D:3      | Noticed Robin
  2361 | D:3      | Reached XP level 5. HP: 22/34 MP: 9/9
  2364 | D:3      | Reached skill level 1 in Hexes
  2390 | D:3      | Killed Robin
  2714 | D:4      | Found a sparkling altar of Nemelex Xobeh.
  2765 | D:4      | Found a large runed door.
  2765 | D:4      | Found a large runed door.
  2776 | D:4      | Noticed a necrophage
  2776 | D:4      | Noticed a yak
  2790 | D:4      | Killed a necrophage
  2790 | D:4      | Reached skill level 7 in Long Blades
  2790 | D:4      | Reached skill level 1 in Translocations
  2790 | D:4      | Reached XP level 6. HP: 38/39 MP: 3/10
  2799 | D:4      | Killed a yak
  2799 | D:4      | Reached * piety under Okawaru
  2804 | D:4      | Found a large runed door.
  2804 | D:4      | Found a large runed door.
  2810 | D:4      | Got an ichor-stained hunting sling
  2986 | D:4      | Reached skill level 8 in Long Blades
  2997 | D:4      | Learned a level 3 spell: Regeneration
  3101 | D:4      | Reached XP level 7. HP: 35/45 MP: 11/11
  3448 | D:5      | Entered Level 5 of the Dungeon
  3642 | D:5      | Reached ** piety under Okawaru
  3642 | D:5      | Reached skill level 1 in Armour
  3651 | D:5      | Noticed Typee's ghost (novice OpCj)
  3750 | D:5      | Killed from afar by Typee's ghost

Skill      XL: |  1  2  3  4  5  6  7 |
---------------+----------------------+-----
Long Blades    | 3 4 5 6 7 8 |  8.5
Hexes          | 2 3 |  3.0
Translocations | 1 |  1.6
Armour         | 1 |  1.1
Dodging        | 2 |  2.1
Fighting       | |  2.4
Spellcasting   | |  2.4
Charms         | |  3.7

Action                   |  1- 3 |  4- 6 |  7- 9 || total
-------------------------+-------+-------+-------++-------
Melee: Falchion          |   126 |       |       ||   126
       Long sword        |     3 |   247 |    79 ||   329
 Cast: Infusion          |     2 |     1 |       ||     3
       Shroud of Golubri |     2 |     3 |     2 ||     7
       Spectral Weapon   |       |     2 |     6 ||     8
  Use: Scroll            |     6 |     3 |     1 ||    10
       Potion            |     2 |     1 |     2 ||     5
 Stab: Distracted        |       |     1 |       ||     1
  Eat: Chunk             |     3 |     5 |     3 ||    11
Armor: Leather armour    |     6 |       |       ||     6
       Ring mail         |    57 |    90 |    34 ||   181
Dodge: Dodged            |    74 |   215 |    89 ||   378
